 Dungeon Crawl Stone Soup version 0.29.1-15-g9cfb28693d (webtiles) character file.

Game seed: 3570289936053723974

3541 Silvore the Cleaver (level 9, -22/69 HPs)
             Began as a Demonspawn Monk on May 1, 2023.
             Was an Elder of Okawaru.
             Annihilated by SirLogeyBear's ghost (30 damage)
             ... in the Arena.
             The game lasted 00:11:48 (8796 turns).

Silvore the Cleaver (Demonspawn Monk)               Turns: 8796, Time: 00:11:49

Health: -22/69     AC: 15    Str: 19    XL:     9   Next: 82%
Magic:  0/9        EV: 19    Int: 12    God:    Okawaru [****..]
Gold:   350        SH: 11    Dex: 18    Spells: 8/8 levels left

rFire   . . .      SeeInvis .   a - +1 hand axe
rCold   . . .      Faith    .   C - +0 buckler of Kikubaaqudgha's Regard {Will+}
rNeg    . . .      Spirit   .   h - +1 scale mail
rPois   .          Reflect  .   (no helmet)
rElec   .          Harm     .   (no cloak)
rCorr   .          Rampage  .   (no gloves)
Will    +....                   (no boots)
Stlth   ++........              (no amulet)
HPRegen 0.21/turn               r - +6 ring of strength
MPRegen 0.11/turn               d - +4 ring of evasion

@: heroic, duelling
A: icemail 1, sharp scales 2, condensation shield, demonic touch 1
a: Renounce Religion, Heroism, Finesse


You were in the Arena.
You worshipped Okawaru.
Okawaru was greatly pleased with you.
You visited 2 branches of the dungeon, and saw 9 of its levels.

You collected 350 gold pieces.

Inventory:

Hand Weapons
 a - a +1 hand axe (weapon)
Missiles
 x - 2 throwing nets (quivered)
Armour
 b - a +0 robe
 h - a +1 scale mail (worn)
 C - the +0 buckler of Kikubaaqudgha's Regard (worn) {Will+}
   (You acquired it on level 8 of the Dungeon)

   Will:      It increases your willpower.
Jewellery
 c - a +6 ring of dexterity
 d - a +4 ring of evasion (right hand)
 r - a +6 ring of strength (left hand)
 w - a ring of positive energy
 y - a ring of poison resistance
 A - a +6 ring of intelligence
 E - a +6 ring of intelligence
Wands
 n - a wand of charming (22)
 q - a wand of digging (5)
 s - a wand of flame (9)
 B - a wand of roots (7)
Scrolls
 g - 3 scrolls of teleportation
 t - 5 scrolls of identify
 D - a scroll of fear {unknown}
Potions
 e - 4 potions of curing
 f - 2 potions of resistance
 i - a potion of cancellation
 j - a potion of degeneration
 k - 4 potions of heal wounds
 l - 4 potions of mutation
 m - 3 potions of flight
 o - 2 potions of might
 p - a potion of invisibility
 u - 3 potions of attraction
 v - 2 potions of ambrosia
 z - a potion of magic {unknown}


   Skills:
 + Level 6.2(11.2) Fighting
 + Level 9.3(14.3) Axes
 + Level 5.2(10.2) Armour
 + Level 5.0(10.0) Dodging
 + Level 2.3(7.3) Stealth
 + Level 3.3(8.3) Shields


You had 8 spell levels left.
You didn't know any spells.
Your spell library contained the following spells:

 Spells                   Type           Power      Damage    Failure   Level
 Blade Hands              Tmut           0%         N/A       100%        5
 Irradiate                Conj/Tmut      0%         3d11      100%        5
 Iron Shot                Conj/Erth      0%         9d1       100%        6
 Dragon Form              Tmut           0%         N/A       100%        7
 Animate Armour           Summ/Erth      Unusable   N/A       N/A         4

Dungeon Overview and Level Annotations

Branches:
Dungeon (8/15)             Temple (1/1) D:4
   Lair: D:8-11

Altars:
Cheibriados
Dithmenos
Fedhas
Gozag
Hepliaklqana
Kikubaaqudgha
Makhleb
Okawaru
Qazlal
Ru
Sif Muna
Trog
Uskayaw
Vehumet
Xom
Yredelemnul

Shops:
D:1 ?*:!(   D:7 *

Annotations:
D:8 1 transporter Arena SirLogeyBear's ghost, journeyman HOBe


Innate Abilities, Weirdness & Mutations

A meltable icy envelope protects you from harm. (AC +4)
You are mostly covered in razor-sharp scales. (AC +2, Slay +2)
A meltable shield of frost defends you. (SH +4)
Your touch may inflict minor irresistible damage on your foes.


Message History

This is a scroll of acquirement!
Something appears at your feet!
You start putting on your armour.
You continue putting on the +0 buckler of Kikubaaqudgha's Regard {Will+}. x4
You finish putting on the +0 buckler of Kikubaaqudgha's Regard {Will+}.
Found 9 stones.
There is a stone staircase leading down here.
You see here 5 stones.
E - a +6 ring of intelligence
f - 2 potions of resistance (gained 1) Partly explored, unvisited transporter.
Partly explored, unvisited transporter.
SirLogeyBear's ghost turns its malevolent gaze towards you.
The ogre shouts!
The ogre shouts!
Aiming: Duel (91% risk of failure)
Press: ? - help, Dir - move target, f - SirLogeyBear's ghost
Aim: SirLogeyBear's ghost, wielding a vorpal weapon (fire blocked by a translucent stone wall) There's something in the way.
Okay, then.
There is a transporter here.
You enter the transporter and appear at another place.
Aiming: Duel (91% risk of failure)
Press: ? - help, Dir - move target, f/p - SirLogeyBear's ghost
Aim: SirLogeyBear's ghost, wielding a vorpal weapon You enter into single combat with SirLogeyBear's ghost!
The world spins around you as you enter the gateway.
You enter Okawaru's Arena!
You can no longer enter into single combat with a foe.
Okawaru will no longer gift you equipment.
The spectator shouts! x12
SirLogeyBear's ghost hits you!!
Found a gate leading back out of this place.
There is an empty arch of ancient stone, spattered with blood here.
You closely miss SirLogeyBear's ghost. SirLogeyBear's ghost hits you!!
* * * LOW HITPOINT WARNING * * *
x2 You gain the combat prowess of a mighty hero.
SirLogeyBear's ghost hits you!!
You die...
Okawaru crowns SirLogeyBear's ghost victorious!

###########
#.pp▓∩▓p..#
#.▓▓▓▓▓▓▓p#
#.▓.....▓.#
#p▓.....▓p#
#p▓.W@..▓p#
#p▓.....▓p#
#.▓.....▓.#
#.▓▓▓▓▓▓▓p#
#.p.ppp...#
###########


You could see SirLogeyBear's ghost.

Vanquished Creatures
  Pikel (D:6)
  Grinder (D:4)
  Duvessa (D:5)
  Pargi (D:4)
  4 ice beasts
  An ogre (D:5)
  A sky beast (D:7)
  2 lemures (D:6)
  A phantom (D:6)
  A kobold brigand (D:8)
  2 bullfrogs
  2 necrophages
  4 scorpions
  8 wights
  Dowan (D:5)
  4 crimson imps (D:3)
  6 hounds
  Crazy Yiuf (D:3)
  6 orc priests
  2 jellies (D:6)
  An orc wizard (D:5)
  A gnoll bouda (D:5)
  3 iguanas
  14 gnolls
  7 adders
  A shadow imp (D:8)
  2 white imps (D:7)
  An ufetubus (D:4)
  3 worms
  3 dart slugs
  32 orcs
  5 endoplasms
  4 giant cockroaches
  6 goblins
  4 hobgoblins
  3 jackals (D:2)
  3 quokkas
  7 ball pythons
  5 bats
  A frilled lizard (D:1)
  10 kobolds
  6 rats
172 creatures vanquished.

Vanquished Creatures (others)
  2 demonic plants (D:1)
2 creatures vanquished.

Grand Total: 174 creatures vanquished

Notes
Turn   | Place    | Note
-------+----------+-------------------------------------------
     0 | D:1      | Silvore the Demonspawn Monk began the quest for the Orb.
     0 | D:1      | Reached XP level 1. HP: 18/18 MP: 1/1
   132 | D:1      | Found Oqixial's General Store.
   207 | D:1      | Found Zuceroamp's Book Shoppe.
   209 | D:1      | Gained mutation: You are partially covered in razor-sharp
                  | scales. (AC +1, Slay +1) [demonic ancestry]
   209 | D:1      | Reached XP level 2. HP: 24/24 MP: 2/2
   235 | D:1      | Found Rutzudd's Distillery.
   370 | D:1      | Reached skill level 3 in Axes
   394 | D:1      | Found Qareluud's Weapon Boutique.
   861 | D:1      | Found Todwuses's Magic Scroll Shoppe.
   969 | D:1      | Gained mutation: A meltable shield of frost defends you.
                  | (SH +4) [demonic ancestry]
   969 | D:1      | Reached XP level 3. HP: 29/29 MP: 3/3
   982 | D:1      | Found a faded altar of an unknown god.
   982 | D:1      | Noticed a reaper
  1282 | D:2      | Identified the +2 buckler of Apyin {rC+ Dex-5 Stlth+}
  2340 | D:3      | Found a shimmering altar of Xom.
  2365 | D:3      | Reached skill level 1 in Armour
  2365 | D:3      | Gained mutation: A meltable icy envelope protects you from
                  | harm. (AC +4) [demonic ancestry]
  2365 | D:3      | Reached XP level 4. HP: 17/35 MP: 1/4
  2504 | D:3      | Gained mutation: Your touch may inflict minor irresistible
                  | damage on your foes. [demonic ancestry]
  2504 | D:3      | Reached XP level 5. HP: 11/41 MP: 5/5
  2505 | D:3      | Reached skill level 4 in Axes
  3080 | D:3      | Found a hazy altar of Hepliaklqana.
  3133 | D:3      | Found a runed translucent door.
  3134 | D:3      | Noticed Crazy Yiuf
  3143 | D:3      | Killed Crazy Yiuf
  3144 | D:3      | Reached XP level 6. HP: 38/48 MP: 6/6
  3361 | D:4      | Noticed Pargi
  3381 | D:4      | Killed Pargi
  3382 | D:4      | Reached skill level 5 in Axes
  3382 | D:4      | Reached skill level 1 in Shields
  3527 | D:4      | Found a staircase to the Ecumenical Temple.
  3561 | Temple   | Entered the Ecumenical Temple
  3566 | Temple   | Became a worshipper of Warmaster Okawaru
  3566 | Temple   | Reached * piety under Okawaru
  3566 | Temple   | Reached ** piety under Okawaru
  3661 | D:4      | Noticed Grinder
  3678 | D:4      | Killed Grinder
  3679 | D:4      | Reached XP level 7. HP: 27/54 MP: 7/7
  3945 | D:4      | Reached skill level 6 in Axes
  4307 | D:5      | Entered Level 5 of the Dungeon
  4343 | D:5      | Found a bloodstained altar of Trog.
  4487 | D:5      | Reached XP level 8. HP: 46/61 MP: 8/8
  4750 | D:5      | Noticed Duvessa
  4750 | D:5      | Noticed Dowan
  4763 | D:5      | Killed Duvessa
  4763 | D:5      | Reached *** piety under Okawaru
  4768 | D:5      | Killed Dowan
  4769 | D:5      | Reached skill level 7 in Axes
  4984 | D:5      | Reached skill level 5 in Fighting
  5064 | D:5      | Found a blossoming altar of Fedhas.
  5817 | D:6      | Found a shadowy altar of Dithmenos.
  5963 | D:6      | Reached **** piety under Okawaru
  5964 | D:6      | Reached skill level 8 in Axes
  5964 | D:6      | Gained mutation: You are mostly covered in razor-sharp
                  | scales. (AC +2, Slay +2) [demonic ancestry]
  5964 | D:6      | Reached XP level 9. HP: 67/68 MP: 9/9
  6083 | D:6      | Found a stormy altar of Qazlal.
  6422 | D:6      | Found an ancient bone altar of Kikubaaqudgha.
  6424 | D:6      | Found a shimmering blue altar of Sif Muna.
  6749 | D:7      | Noticed Pikel
  6791 | D:6      | Killed Pikel
  7327 | D:7      | Found Pyggimul's Assorted Antiques.
  7410 | D:7      | Reached skill level 5 in Armour
  7579 | D:7      | Reached ***** piety under Okawaru
  7580 | D:7      | Reached skill level 9 in Axes
  7811 | D:8      | Reached skill level 5 in Dodging
  8485 | D:8      | Found a transporter.
  8488 | D:8      | Noticed SirLogeyBear's ghost (journeyman HOBe)
  8489 | D:8      | Identified the +7 dire flail "Ocitz" {speed, *Rage rElec
                  | rC+}
  8494 | D:8      | Found a transporter.
  8544 | D:8      | Noticed a +0 short sword
  8544 | D:8      | Noticed a +0 falchion
  8545 | D:8      | Noticed a +0 spear
  8546 | D:8      | Noticed a +0 spear
  8546 | D:8      | Noticed a +0 short sword
  8549 | D:8      | Noticed a +0 falchion
  8557 | D:8      | Noticed a +0 dagger
  8558 | D:8      | Noticed a +0 dagger
  8573 | D:8      | Found a hide-covered altar of Uskayaw.
  8593 | D:8      | Found a snail-covered altar of Cheibriados.
  8633 | D:8      | Identified a scroll of acquirement
  8633 | D:8      | Acquired the +0 buckler of Kikubaaqudgha's Regard {Will+}
  8794 | Arena    | Entered the Arena
  8796 | Arena    | Annihilated by SirLogeyBear's ghost

Illustrated notes

Levels and vault maps discovered:
D:1:      zaba_arrival_water, layout_basic, serial_shops, shop,
          nicolae_shop_crystal, shop, shop, nicolae_shop_behind_doors,
          dreamdust_ecumenical_altar_sealed_demon
D:2:      layout_loops_ring
D:3:      layout_loops_cross, led_xom_imps, mainiacjoe_overflow_boulevard,
          uniq_crazy_yiuf_cottage
D:4:      layout_gridville, minmay_temple_entry_mist, uniq_pargi, uniq_grinder
D:5:      layout_gridville, fedhas_altar_fruit_tree,
          nicolae_overflow_crystal_walls, grunt_tough_drop, uniq_duvessa
D:6:      layout_loops_ring, nicolae_dithmenos_through_a_glass_darkly,
          nicolae_qazlal_scattered_showers, minitemple, roderic_serpentine_path
D:7:      layout_rooms, serial_shops, nicolae_take_the_stairs, uniq_pikel
D:8:      layout_cave_pools, cheibriados_altar_1, nicolae_uskayaw_en_pointe,
          gammafunk_ghost_smash
Temple:   nicolae_temple_ecumenical_triangle
Arena

Skill      XL: |  1  2  3  4  5  6  7  8  9 |
---------------+----------------------------+-----
Axes           | 3 4 5 6 8 9 |  9.3
Dodging        | 3 4 5 |  5.0
Armour         | 1 2 4 5 |  5.2
Fighting       | 4 5 6 |  6.2
Shields        | 1 2 3 |  3.3
Stealth        | 2 |  2.3

Action                   |  1- 3 |  4- 6 |  7- 9 || total
-------------------------+-------+-------+-------++-------
Melee: Hand axe          |   143 |   200 |   314 ||   657
       Punch             |       |     4 |     3 ||     7
       Touch             |       |    22 |    63 ||    85
Invok: Heroism           |       |       |     1 ||     1
       Duel              |       |       |     1 ||     1
  Use: Scroll            |     5 |     1 |    13 ||    19
       Potion            |       |     2 |     1 ||     3
Armor: Robe              |     3 |       |       ||     3
       Scale mail        |    75 |   102 |    91 ||   268
Dodge: Dodged            |   101 |   147 |   221 ||   469
Block: Other             |    14 |    38 |    57 ||   109
